 Dungeon Crawl Stone Soup version 0.16.1-4-g8e1b745 (webtiles) character file.

179 Ladykiller69 the Shield-Bearer (level 5, -4/42 HPs)
             Began as a Formicid Fighter on Mar 27, 2015.
             Killed by divine providence
             ... invoked by an orc priest
              (16 damage)
             ... on level 4 of the Dungeon.
             The game lasted 00:10:01 (1839 turns).

Ladykiller69 the Shield-Bearer (Formicid Fighter)   Turns: 1839, Time: 00:10:01

Health: -4/42      AC:  7    Str: 22    XL:     5   Next: 90%
Magic:  7/7        EV: 13    Int:  7    God:
Gold:   81         SH: 10    Dex: 15    Spells: 0 memorised, 4 levels left

rFire  . . .     SeeInvis +     a - +0 war axe
rCold  . . .     Clarity  .     b - +0 scale mail
rNeg   . . .     SustAb   .     c - +0 shield
rPois  .         Gourm    .     (helmet unavailable)
rElec  .         Spirit   .     (no cloak)
rCorr  .         Warding  .     (no gloves)
rMut   .         Stasis   +     (no boots)
MR     .....                    (no amulet)
Stlth  +.........               (no ring)
                                (no ring)

@: agile, not resistant to hostile enchantments, very unstealthy
A: permanent stasis, dig shafts and tunnels, four strong arms, antennae 3
a: Dig, Shaft Self


You were on level 4 of the Dungeon.
You were not hungry.

You visited 1 branch of the dungeon, and saw 4 of its levels.

You collected 81 gold pieces.

Inventory:

Hand weapons
 a - a +0 war axe (weapon)
Missiles
 i - 37 stones (quivered)
Armour
 b - a +0 scale mail (worn)
 c - a +0 shield (worn)
Jewellery
 k - a +2 ring of dexterity {unknown}
 o - an uncursed amulet of rage {unknown}
 s - an uncursed ring of sustain abilities {unknown}
 t - an uncursed amulet of rage {unknown}
Scrolls
 g - 2 scrolls of remove curse {unknown}
 h - 4 scrolls of enchant weapon {unknown}
 l - 2 scrolls of identify {unknown}
 p - 3 scrolls of teleportation {unknown}
 v - a scroll of amnesia {unknown}
 w - a scroll of fog {unknown}
Potions
 e - a potion of might
 m - a potion of agility
 u - a potion of haste {unknown}
Comestibles
 d - a bread ration
 j - a chunk of flesh
 n - 3 fruits
 q - a beef jerky
 r - a meat ration


   Skills:
 + Level 4.0 Fighting
 * Level 3.6 Axes
 + Level 4.1 Armour
 * Level 5.0 Shields


You had 4 spell levels left.
You didn't know any spells.

Dungeon Overview and Level Annotations

Branches:
Dungeon (4/15)
 Temple: D:4-7

Altars:

Annotations:
D:3 Ladykiller69's ghost, average FoFi


Innate Abilities, Weirdness & Mutations

You are under a permanent stasis effect.
You can dig through walls and to a lower floor.
Your four strong arms can wield two-handed weapons with a shield.
You have a pair of large antennae on your head (SInv).


Message History

The orc priest hits you but does no damage.
You hit the orc priest!
The orc priest is heavily wounded.
The orc priest hits you.
* * * LOW HITPOINT WARNING * * *
Drink which item? (? for menu, Esc to quit)
It was a potion of agility.
You feel agile all of a sudden.
The orc priest invokes the aid of Beogh against you.
You struggle to resist.
Drink which item? (? for menu, Esc to quit)
It was a potion of curing.
You feel better. You block the orc priest's attack.
You closely miss the orc priest.
The orc priest is heavily wounded.
The orc priest completely misses you. You block the orc priest's attack.
You hit the orc priest.
The orc priest is almost dead.
The orc priest calls down the wrath of Beogh upon you.
Something smites you!
You die...

#.........).....$.#
##############.##.#
#.# #.# #.# #)# #.#
#.######.#
#.@o.....#
########.#


You could see an orc priest.

Vanquished Creatures
  A worker ant (D:3)
  An orc priest (D:4)
  An adder (D:2)
  A worm (D:2)
  A giant mite (D:4)
  A giant gecko (D:3)
  An ooze (D:3)
  13 orcs
  3 ball pythons
  9 bats
  5 giant cockroaches
  7 goblins
  8 hobgoblins
  10 jackals
  2 quokkas
  A giant newt (D:1)
  5 kobolds
  6 rats
76 creatures vanquished.

Notes
Turn   | Place    | Note
--------------------------------------------------------------
     0 | D:1      | Ladykiller69, the Formicid Fighter, began the quest for the Orb.
     0 | D:1      | Reached XP level 1. HP: 18/18 MP: 1/1
   228 | D:1      | Reached XP level 2. HP: 24/24 MP: 3/3
   487 | D:1      | Reached skill level 4 in Shields
   707 | D:2      | Reached XP level 3. HP: 29/29 MP: 4/4
  1000 | D:2      | Reached XP level 4. HP: 13/35 MP: 5/5
  1320 | D:3      | Noticed Ladykiller69's ghost (average FoFi)
  1394 | D:3      | Reached XP level 5. HP: 22/42 MP: 7/7
  1716 | D:4      | Reached skill level 5 in Shields
  1839 | D:4      | Killed from afar by an orc priest

Action                   |  1- 3 |  4- 6 || total
-------------------------+-------+-------++-------
Melee: War axe           |   112 |   148 ||   260
 Abil: Dig               |     1 |     2 ||     3
  Use: Potion            |       |     2 ||     2
  Eat: Chunk             |     1 |     3 ||     4
